AoeStats
← JocZilla

African Clearing

505160158Analyzed
4v4 RM · 23d ago on Sep 8, 2026· 26m 51s· 8 players
Game mode
Random Map
Map size
Large (8 player)
Population
200
Speed
Normal
Resources
Standard
Victory
Conquest
Starting age
Dark Age
Ending age
Imperial Age
RankedLock teamsTeams togetherTeam positionsShared explorationLock speedFull tech treeHidden civsTurbo modeCheats
Victory
Defeat
🇺🇸 Inca · United States
989
+12
🇺🇸 Japanese · United States
929
+14
🇺🇸 Italians · United States
899
+15
🇺🇸 Tupi · United States
877
+16
🇨🇳 Burmese · China
936
-16
🇺🇸 Goths · United States
922
-15
🇺🇸 Armenians · United States
867
-14
🇨🇦 Lithuanians · Canada
830
-12
BigD1kBadger
10:35 Loom
15:26 Feudal Age
16:35 Man-at-Arms
Disgraceful
3:58 Loom
14:06 Feudal Age
21:49 Castle Age
23:53 Scale Mail Armor
火鸡味锅巴
JocZilla
3:10 Loom
13:21 Feudal Age
18:49 Castle Age
17:55 Man-at-Arms
19:14 Forging
19:05 Scale Mail Armor
20:34 Squires
21:01 Double-Bit Axe
21:22 Squires
24:46 Stone Mining
26:22 Bow Saw
25:55 Horse Collar
Rebuildnoob
6:30 Loom
13:27 Feudal Age
18:41 Castle Age
19:27 Forging
19:18 Scale Mail Armor
AKX Is Undone
13:39 Feudal Age
11:57 Loom
13:44 Champi Runner
14:16 Arson
15:28 Wheelbarrow
14:46 Double-Bit Axe
29:14 Castle Age
XxMrKr0NiC420xX
7:30 Loom
13:05 Feudal Age
13:22 Champi Runner
17:02 Scale Mail Armor
18:21 Forging
18:22 Arson
26:35 Fletching
Po bear8617
6:32 Loom
13:16 Feudal Age
13:51 Double-Bit Axe
14:16 Gold Mining
15:25 Wheelbarrow
14:19 Man-at-Arms
26:35 Castle Age
24:25 Arson
25:23 Horse Collar
25:57 Town Watch
Connection lost

Rejoining the realm…

Still unreachable

The connection could not be restored.

Session expired

The server has moved on; the page needs a fresh start.